AoeStats
← HAKUNA MATATA

African Clearing

504751727Analyzed
4v4 RM · 26d ago on Sep 6, 2026· 39m 47s· 8 players
Game mode
Random Map
Map size
Large (8 player)
Population
200
Speed
Normal
Resources
Standard
Victory
Conquest
Starting age
Dark Age
Ending age
Imperial Age
RankedLock teamsTeams togetherTeam positionsShared explorationLock speedFull tech treeHidden civsTurbo modeCheats
Victory
Defeat
🇭🇰 Persians · Hong Kong SAR China
1670
+7
🇹🇼 Italians · Taiwan
1481
+14
🇹🇼 Huns · Taiwan
1409
+34
🇻🇳 Koreans · Vietnam
1392
+17
🇭🇰 Berbers · Hong Kong SAR China
1514
-17
🇨🇳 Gurjaras · China
1461
-15
🇦🇷 Franks · Argentina
1421
-13
🇹🇷 Malay · Türkiye
1340
-10
致远Deepgame
14:26 Feudal Age
15:30 Double-Bit Axe
18:54 Castle Age
19:59 Bow Saw
27:53 Wheelbarrow
27:39 Fishing Lines
29:31 Scale Barding Armor
29:57 Husbandry
34:27 Forging
36:37 Bloodlines
38:37 Hand Cart
38:27 Gillnets
41:28 Imperial Age
39:49 Chain Barding Armor
40:05 Iron Casting
LagiPup
13:55 Feudal Age
14:14 Feudal Age
17:59 Castle Age
17:04 Double-Bit Axe
17:05 Loom
18:40 Fletching
27:36 Padded Archer Armor
27:24 Horse Collar
29:05 Bodkin Arrow
33:16 Bow Saw
34:23 Ballistics
35:06 Wheelbarrow
36:13 Gold Mining
37:02 Town Watch
40:17 Imperial Age
38:42 Bloodlines
39:21 Stone Mining
Bear
8:24 Loom
14:22 Feudal Age
19:08 Castle Age
17:49 Double-Bit Axe
28:02 Elite Skirmisher
31:34 Fletching
35:57 Wheelbarrow
36:30 Padded Archer Armor
38:24 Hand Cart
HAKUNA MATATA
9:24 Loom
12:24 Feudal Age
15:49 Horse Collar
20:17 Fletching
37:18 Double-Bit Axe
TSAO BING
10:03 Loom
12:22 Feudal Age
13:21 Double-Bit Axe
17:43 Castle Age
19:17 Fletching
21:14 Horse Collar
26:38 Bodkin Arrow
32:28 Ballistics
33:01 Heavy Plow
35:19 Wheelbarrow
35:25 Padded Archer Armor
40:07 Imperial Age
38:26 Gold Mining
38:48 Thumb Ring
39:07 Hand Cart
39:42 Leather Archer Armor
39:41 Masonry
39:31 Murder Holes
40:09 Town Watch
Ti Kiat
14:11 Feudal Age
22:55 Castle Age
29:31 Castle Age
29:02 Fletching
30:22 Double-Bit Axe
33:14 Bow Saw
40:26 Wheelbarrow
Sean
14:43 Feudal Age
13:00 Loom
14:28 Loom
18:50 Castle Age
16:36 Double-Bit Axe
16:44 Gold Mining
18:11 Fishing Lines
20:04 Scale Barding Armor
20:42 Horse Collar
22:34 Heavy Plow
27:15 Wheelbarrow
29:02 Hand Cart
28:46 Stone Mining
29:39 Bloodlines
29:54 Town Watch
30:34 Chain Barding Armor
31:04 Husbandry
31:16 Forging
35:29 Imperial Age
34:01 Iron Casting
34:04 Gold Shaft Mining
34:36 Bow Saw
35:57 Stone Shaft Mining
35:27 Cavalier
37:09 Plate Barding Armor
37:35 Blast Furnace
37:29 Conscription
37:32 Conscription
37:16 Savar
40:42 Two-Man Saw
40:14 Crop Rotation
鈸小棒
13:47 Feudal Age
14:14 Loom
17:40 Castle Age
15:39 Double-Bit Axe
16:11 Gold Mining
16:14 Fletching
18:16 Bodkin Arrow
21:29 Husbandry
26:51 Padded Archer Armor
28:43 Bloodlines
30:24 Ballistics
31:03 Thumb Ring
33:05 Bow Saw
37:52 Wheelbarrow
37:03 Town Watch
Connection lost

Rejoining the realm…

Still unreachable

The connection could not be restored.

Session expired

The server has moved on; the page needs a fresh start.